 Dungeon Crawl Stone Soup version 0.29.0-4-gdea44cf6ec (webtiles) character file.

Game seed: 1408808780584167397

1958 qw the Cleaver (level 9, 0/57 HPs)
             Began as a Gargoyle Berserker on Sept 4, 2022.
             Was an Elder of Trog.
             Slain by an orc warrior
             ... wielding a +0 war axe
              (14 damage)
             ... on level 6 of the Dungeon.
             The game lasted 00:02:47 (6561 turns).

qw the Cleaver (Gargoyle Berserker)                 Turns: 6561, Time: 00:02:47

Health: 0/57       AC: 20    Str: 30    XL:     9   Next: 19%
Magic:  9/9        EV:  9    Int:  6    God:    Trog [****..]
Gold:   279        SH:  0    Dex:  8    Spells: 8/8 levels left

rFire   . . .      SeeInvis .   Y - +3 hand axe
rCold   . . .      Faith    .   (no shield)
rNeg    + . .      Spirit   .   n - +3 chain mail {Will+}
rPois   inf        Reflect  .   (helmet restricted)
rElec   +          Harm     .   (no cloak)
rCorr   .          Rampage  .   (no gloves)
Will    +....                   m - +0 pair of boots
Stlth   ..........              (no amulet)
HPRegen 0.19/turn               (no ring)
MPRegen 0.11/turn               (no ring)

@: about to teleport, on berserk cooldown, slowed, very slow
A: sickness immunity, AC +6, negative energy resistance 1, electricity
resistance, torment resistance 1, petrification resistance, antennae 1, strong
1, subdued magic 1, MP-powered wands
a: Renounce Religion, Berserk, Trog's Hand, Brothers in Arms


You were on level 6 of the Dungeon.
You worshipped Trog.
Trog was greatly pleased with you.
You visited 1 branch of the dungeon, and saw 6 of its levels.
You also visited: Ossuary.

You collected 279 gold pieces.


Innate Abilities, Weirdness & Mutations

You are immune to sickness and miasma.
Your stone body is resilient. (AC +6)
You are immune to poison.
You resist negative energy. (rN+)
You are resistant to electric shocks. (rElec)
You are resistant to unholy torment.
You are immune to petrification.
You have a pair of small antennae on your head.
Your muscles are strong. (Str +4, Int/Dex -1)
Your spells are a little easier to cast, but a little less powerful.
You expend magic power (3 MP) to strengthen your wands.


   Skills:
 - Level 7.0 Fighting
 + Level 9.3 Axes
 - Level 4.4 Armour
 - Level 1.5 Dodging


You had 8 spell levels left.
You didn't know any spells.
Your spell library was empty.

Inventory:

Hand Weapons
 k - a +0 flail
 Y - a +3 hand axe (weapon)
Armour
 b - +0 storm dragon scales
 m - a +0 pair of boots (worn)
 n - a +3 chain mail of willpower (worn)
Jewellery
 l - a ring of fire
Scrolls
 i - a scroll of identify
Potions
 a - a potion of ambrosia {unknown}
 c - 2 potions of haste
 d - a potion of curing
 f - 2 potions of cancellation
 g - a potion of heal wounds
 h - a potion of might {unknown}
 o - a potion of mutation
 p - a potion of resistance

Dungeon Overview and Level Annotations

Branches:
Dungeon (6/15)            Ossuary (visited)
 Temple: D:4-7

Altars:
Cheibriados
Dithmenos
Fedhas
Makhleb
Ru
Uskayaw
Vehumet


Message History

The hound bites you.
You slash the hound!
The hound is heavily wounded.
The hound bites you but does no damage.
You barely miss the hound.
The hound is heavily wounded.
You barely miss the hound.
The hound is heavily wounded.
The hound bites you.
You slash the hound!
You kill the hound!
Trog accepts your kill. The orc hits you but does no damage.
You slash the orc!
You kill the orc!
Trog accepts your kill.
You start resting.
An orc warrior comes into view. It is wielding a +0 war axe.
You feel a strong urge to attack something.
You are no longer berserk.
You are exhausted.
You feel yourself slow down.
The orc warrior shouts!
You hear a howl!
A howler monkey comes into view.
An acid dragon comes into view.
Things that are here:
a +0 short sword; a +0 robe The acid dragon roars!
A necrophage comes into view.
The howler monkey hits you but does no damage.
You slice the howler monkey!!
You kill the howler monkey!
Trog accepts your kill.
You can now call in reinforcements.
A scorpion comes into view.
The orc warrior hits you with a +0 war axe. x2
You see here a howler monkey corpse.
6561 ||| READING scroll of teleportation.
As you read the scroll of teleportation, it crumbles to dust.
You feel strangely unstable.
The orc warrior hits you with a +0 war axe!
You die...

### ..# ##.. ...
######D############## ##
.....no@.)...)......#{.
#.#.#.#.#.#.#)#)#.#.#.#
.....).#..)....#.#.##
######################....#
#..##.# #.................
#..##.# #.#.#######%.....#
#..##.# #.#.# #...#.##
#..##.####.#.# #...#.#
#..##......#.# #...#.#


You could see an orc warrior, an acid dragon and a necrophage.

Vanquished Creatures
  A wraith (D:6)
  A sky beast (D:6)
  2 ogres
  A phantom (D:6)
  3 elf zombies (Ossuary)
  4 wights (D:6)
  4 howler monkeys
  6 centaur zombies (Ossuary)
  A hound (D:6)
  3 human zombies (Ossuary)
  2 jellies (D:4)
  An orc priest (D:5)
  Terence (D:2)
  Jessica (D:3)
  5 iguanas (D:5)
  An orc wizard (D:5)
  Ijyb (D:4)
  3 mummies (Ossuary)
  Robin (D:2)
  4 gnolls (D:4)
  7 adders
  3 white imps
  A worm (D:2)
  4 dart slugs
  8 orcs
  10 endoplasms
  4 giant cockroaches
  25 goblins
  13 hobgoblins
  3 jackals (D:1)
  10 kobolds
  3 quokkas
  5 ball pythons
  5 bats
  2 frilled lizards
  5 rats
154 creatures vanquished.

Vanquished Creatures (others)
  6 plants (D:2)
6 creatures vanquished.

Grand Total: 160 creatures vanquished

Notes
Turn   | Place    | Note
-------+----------+-------------------------------------------
     0 | D:1      | qw the Gargoyle Berserker began the quest for the Orb.
     0 | D:1      | Reached XP level 1. HP: 14/14 MP: 1/1
     0 | D:1      | 0 ||| qw: Version: 0.1-a-103-gd6f5d3a
     0 | D:1      | 0 ||| qw: Game counter: 5503
     0 | D:1      | 0 ||| qw: Always use a shield: true
     0 | D:1      | 0 ||| qw: Do Orc after D:15 true
     0 | D:1      | 0 ||| qw: Do second Lair branch before Depths: true
     0 | D:1      | 0 ||| qw: Lair rune preference: random
     0 | D:1      | 0 ||| qw: Plans: Normal
     0 | D:1      | 0 ||| PLANNING D:1-11
    98 | D:1      | Reached skill level 3 in Axes
   101 | D:1      | 101 ||| INVOKING Berserk.
   339 | D:1      | Reached XP level 2. HP: 19/19 MP: 2/2
   464 | D:1      | Found a faded altar of an unknown god.
   517 | D:1      | 517 ||| Stepping ~*~*~tactically~*~*~ (stealth).
   641 | D:1      | Reached XP level 3. HP: 19/23 MP: 3/3
   831 | D:1      | 831 ||| Stepping ~*~*~tactically~*~*~ (stealth).
  1010 | D:1      | Reached ** piety under Trog
  1011 | D:1      | Reached skill level 4 in Axes
  1143 | D:1      | 1143 ||| DROPPING amulet of magic regeneration.
  1144 | D:1      | 1144 ||| READING scroll labelled RUFIFIEG GOS BUPN.
  1145 | D:1      | 1145 ||| READING scroll labelled DIERENK FECO.
  1201 | D:2      | 1201 ||| Stepping ~*~*~tactically~*~*~ (stealth).
  1204 | D:2      | 1204 ||| Stepping ~*~*~tactically~*~*~ (stealth).
  1205 | D:2      | 1205 ||| Stepping ~*~*~tactically~*~*~ (stealth).
  1262 | D:2      | Noticed Robin
  1266 | D:2      | 1266 ||| INVOKING Berserk.
  1268 | D:2      | Killed Robin
  1269 | D:2      | Reached XP level 4. HP: 28/28 MP: 4/4
  1463 | D:2      | 1463 ||| DROPPING +0 club.
  1558 | D:2      | 1558 ||| Stepping ~*~*~tactically~*~*~ (stealth).
  1690 | D:2      | 1690 ||| Stepping ~*~*~tactically~*~*~ (stealth).
  1783 | D:2      | Found a snail-covered altar of Cheibriados.
  1799 | D:2      | Noticed Terence
  1804 | D:2      | 1804 ||| INVOKING Berserk.
  1816 | D:2      | Killed Terence
  1817 | D:2      | Reached skill level 5 in Axes
  1852 | D:2      | 1852 ||| FLEEEEING.
  1986 | D:2      | 1986 ||| FLEEEEING.
  1987 | D:2      | 1987 ||| FLEEEEING.
  2061 | D:2      | 2061 ||| Stepping ~*~*~tactically~*~*~ (stealth).
  2063 | D:2      | 2063 ||| Stepping ~*~*~tactically~*~*~ (hiding).
  2065 | D:2      | 2065 ||| Stepping ~*~*~tactically~*~*~ (hiding).
  2078 | D:2      | 2078 ||| Stepping ~*~*~tactically~*~*~ (stealth).
  2079 | D:2      | 2079 ||| Stepping ~*~*~tactically~*~*~ (stealth).
  2080 | D:2      | 2080 ||| Stepping ~*~*~tactically~*~*~ (stealth).
  2084 | D:2      | Reached XP level 5. HP: 32/32 MP: 5/5
  2398 | D:2      | 2398 ||| UPGRADING to +0 leather armour.
  2408 | D:2      | 2408 ||| DROPPING +0 animal skin.
  2409 | D:2      | 2409 ||| UPGRADING to +0 helmet.
  2414 | D:2      | 2414 ||| UPGRADING to +3 chain mail of willpower.
  2424 | D:2      | 2424 ||| DROPPING +0 leather armour.
  2425 | D:2      | 2425 ||| READING scroll labelled FONLIO BEHEA.
  2426 | D:2      | 2426 ||| READING 4 scrolls labelled UNWAMY GIBIE.
  2427 | D:2      | 2427 ||| READING scroll labelled OMOIM GIRIETT.
  2428 | D:2      | 2428 ||| READING scroll labelled TYUKIE ODAU.
  2429 | D:2      | 2429 ||| READING 3 scrolls of identify.
  2429 | D:2      | 2429 ||| IDENTIFYING silvery potion
  2430 | D:2      | 2430 ||| READING 2 scrolls of identify.
  2430 | D:2      | 2430 ||| IDENTIFYING pink potion
  2431 | D:2      | 2431 ||| DROPPING potion of flight.
  2733 | D:3      | Found a burning altar of Makhleb.
  3094 | D:3      | 3094 ||| Stepping ~*~*~tactically~*~*~ (stealth).
  3112 | D:3      | Noticed Jessica
  3115 | D:3      | Killed Jessica
  3357 | D:3      | 3357 ||| READING 2 scrolls labelled CAECUP VUINN.
  3358 | D:3      | 3358 ||| READING 2 scrolls labelled ULAOTS KAOQIECH.
  3359 | D:3      | 3359 ||| READING scroll of enchant armour.
  3359 | D:3      | 3359 ||| ENCHANTING +0 helmet.
  3360 | D:3      | 3360 ||| READING 2 scrolls of identify.
  3360 | D:3      | 3360 ||| IDENTIFYING ruby potion
  3361 | D:3      | 3361 ||| DROPPING scroll of blinking.
  3431 | D:4      | 3431 ||| INVOKING Berserk.
  3435 | D:4      | Reached XP level 6. HP: 38/38 MP: 6/6
  3482 | D:4      | 3482 ||| Stepping ~*~*~tactically~*~*~ (stealth).
  3489 | D:4      | 3489 ||| INVOKING Berserk.
  3562 | D:4      | Reached skill level 6 in Axes
  3582 | D:4      | 3582 ||| READING scroll of enchant weapon.
  3582 | D:4      | 3582 ||| ENCHANTING +1 hand axe.
  3613 | D:4      | Found a shadowy altar of Dithmenos.
  3644 | D:4      | Noticed Ijyb
  3646 | D:4      | 3646 ||| FLEEEEING.
  3647 | D:4      | 3647 ||| FLEEEEING.
  3648 | D:4      | 3648 ||| FLEEEEING.
  3650 | D:4      | 3650 ||| FLEEEEING.
  3651 | D:4      | 3651 ||| Stepping ~*~*~tactically~*~*~ (hiding).
  3652 | D:4      | 3652 ||| Stepping ~*~*~tactically~*~*~ (hiding).
  3655 | D:4      | 3655 ||| INVOKING Berserk.
  3657 | D:4      | Killed Ijyb
  3661 | D:4      | Reached skill level 3 in Armour
  3688 | D:4      | 3688 ||| FLEEEEING.
  3696 | D:4      | 3696 ||| STAIRDANCE
  3735 | D:3      | 3735 ||| READING scroll labelled JEG CUPPIE.
  3739 | D:3      | 3739 ||| DRINKING 2 lumpy brown potions.
  3739 | D:3      | Gained mutation: You expend magic power (3 MP) to
                  | strengthen your wands. [potion of mutation]
  3739 | D:3      | Gained mutation: Your muscles are strong. (Str +4, Int/Dex
                  | -1) [potion of mutation]
  3739 | D:3      | Gained mutation: You sometimes lose your temper in combat.
                  | [potion of mutation]
  3739 | D:3      | Gained mutation: Your muscles are very strong. (Str +8,
                  | Int/Dex -2) [potion of mutation]
  3740 | D:3      | 3740 ||| DRINKING potion of mutation.
  3740 | D:3      | Lost mutation: Your muscles are very strong. (Str +8,
                  | Int/Dex -2) [potion of mutation]
  3740 | D:3      | Lost mutation: You sometimes lose your temper in combat.
                  | [potion of mutation]
  3740 | D:3      | Gained mutation: Your spells are a little easier to cast,
                  | but a little less powerful. [potion of mutation]
  3740 | D:3      | Gained mutation: You have a pair of small antennae on your
                  | head. [potion of mutation]
  3741 | D:3      | 3741 ||| DROPPING +1 helmet.
  3775 | D:4      | Found a hide-covered altar of Uskayaw.
  4047 | D:4      | 4047 ||| INVOKING Berserk.
  4055 | D:4      | Reached XP level 7. HP: 43/43 MP: 7/7
  4060 | D:4      | Reached *** piety under Trog
  4205 | D:4      | 4205 ||| INVOKING Berserk.
  4382 | D:4      | 4382 ||| DRINKING 2 cyan potions.
  4430 | D:4      | 4430 ||| DRINKING 2 fizzy black potions.
  4431 | D:4      | 4431 ||| DROPPING potion of lignification.
  4432 | D:4      | 4432 ||| DROPPING potion of degeneration.
  4444 | D:5      | Entered Level 5 of the Dungeon
  4445 | D:5      | 4445 ||| PLANNING OSSUARY
  4513 | D:5      | Reached skill level 7 in Axes
  4630 | D:5      | 4630 ||| INVOKING Berserk.
  4642 | D:5      | 4642 ||| Stepping ~*~*~tactically~*~*~ (stealth).
  4932 | D:5      | Found a sand-covered staircase.
  4933 | D:5      | 4933 ||| UPGRADING to +0 pair of boots.
  4938 | D:5      | 4938 ||| READING scroll labelled WIGASEAFE JIUF.
  4947 | Ossuary  | Entered an ossuary
  5036 | Ossuary  | Reached XP level 8. HP: 46/49 MP: 8/8
  5088 | Ossuary  | Reached skill level 8 in Axes
  5227 | Ossuary  | 5227 ||| READING scroll of enchant weapon.
  5227 | Ossuary  | 5227 ||| ENCHANTING +2 hand axe.
  5260 | Ossuary  | Reached skill level 6 in Fighting
  5285 | Ossuary  | 5285 ||| READING scroll labelled KOARIL TASAO.
  5286 | Ossuary  | 5286 ||| DRINKING 2 white potions.
  5287 | Ossuary  | 5287 ||| DRINKING 2 lumpy red potions.
  5288 | Ossuary  | 5288 ||| DROPPING potion of brilliance.
  5298 | D:5      | 5298 ||| PLANNING D:1-11
  5475 | D:5      | 5475 ||| FLEEEEING.
  5476 | D:5      | 5476 ||| FLEEEEING.
  5477 | D:5      | 5477 ||| FLEEEEING.
  5478 | D:5      | 5478 ||| FLEEEEING.
  5479 | D:5      | 5479 ||| FLEEEEING.
  5480 | D:5      | 5480 ||| FLEEEEING.
  5481 | D:5      | 5481 ||| FLEEEEING.
  5482 | D:5      | 5482 ||| FLEEEEING.
  5483 | D:5      | 5483 ||| FLEEEEING.
  5485 | D:5      | 5485 ||| FLEEEEING.
  5486 | D:5      | 5486 ||| FLEEEEING.
  5487 | D:5      | 5487 ||| FLEEEEING.
  5489 | D:5      | 5489 ||| DRINKING potion of curing.
  5489 | D:5      | 5489 ||| (to cure confusion)
  5866 | D:5      | Found a sacrificial altar of Ru.
  5880 | D:5      | 5880 ||| Stepping ~*~*~tactically~*~*~ (hiding).
  6214 | D:5      | Found a radiant altar of Vehumet.
  6223 | D:5      | Found a blossoming altar of Fedhas.
  6224 | D:5      | 6224 ||| DRINKING 2 emerald potions.
  6225 | D:5      | 6225 ||| DRINKING 2 red potions.
  6273 | D:6      | 6273 ||| INVOKING Berserk.
  6318 | D:6      | 6318 ||| STAIRDANCE
  6475 | D:6      | Reached skill level 9 in Axes
  6515 | D:6      | Noticed a wraith
  6527 | D:6      | Killed a wraith
  6535 | D:6      | Reached XP level 9. HP: 33/56 MP: 9/9
  6536 | D:6      | 6536 ||| INVOKING Berserk.
  6559 | D:6      | Reached **** piety under Trog
  6560 | D:6      | HP: 13/57 [orc warrior/+0 war axe (2)]
  6561 | D:6      | 6561 ||| READING scroll of teleportation.
  6561 | D:6      | Slain by an orc warrior

Levels and vault maps discovered:
D:1:      psy_arrival_heroes, layout_basic,
          hellmonk_ecumenical_altar_heavens_door, minmay_misc_feat_chi
D:2:      layout_basic, basic_altar, guppyfry_early_lair_pool, uniq_robin,
          uniq_terence
D:3:      layout_basic, general_overflow_altar, uniq_jessica
D:4:      layout_cave_pools, mainiacjoe_overflow_catch_the_wave,
          minmay_ogre_servants, uniq_ijyb
D:5:      layout_basic, mainiacjoe_overflow_alcove_4, mainiacjoe_overflow_swirl,
          chequers_ossuary_entry_cave
D:6:      layout_loops_ring, hangedman_minor_gate_pass

Skill      XL: |  1  2  3  4  5  6  7  8  9 |
---------------+----------------------------+-----
Axes           | 3 4 5 6 7 9 |  9.3
Fighting       | 4 5 6 7 |  7.0
Armour         | 3 4 |  4.4
Dodging        | |  1.5

Action                   |  1- 3 |  4- 6 |  7- 9 || total
-------------------------+-------+-------+-------++-------
Melee: Hand axe          |   104 |   194 |   302 ||   600
       Punch             |       |     2 |     3 ||     5
Invok: Berserk           |     2 |     5 |     4 ||    11
  Use: Scroll            |     2 |    12 |     4 ||    18
       Potion            |       |     2 |     7 ||     9
 Stab: Distracted        |       |     1 |       ||     1
Armor: Animal skin       |    38 |     9 |       ||    47
       Chain mail        |       |    65 |   152 ||   217
Dodge: Dodged            |    55 |    73 |    75 ||   203

Table legend:
 A = Non-vault XP
 B = Vault XP
 C = Vault XP percentage of total XP
 D = Non-vault monster count
 E = Vault monster count
 F = Vault count percentage of total count
                 A         B        C        D         E       F
            +---------+---------+-------+---------+---------+-------
      Total |    1432 |    1366 |  48.8 |     111 |      43 |  27.9
            +---------+---------+-------+---------+---------+-------
        D:1 |      57 |       0 |   0.0 |      31 |       0 |   0.0
        D:2 |      37 |      75 |  67.0 |      18 |      13 |  41.9
        D:3 |      69 |      37 |  34.9 |      19 |       1 |   5.0
        D:4 |     249 |     167 |  40.1 |      17 |      10 |  37.0
        D:5 |     418 |       0 |   0.0 |      17 |       0 |   0.0
        D:6 |     602 |     349 |  36.7 |       9 |       4 |  30.8
    Ossuary |       0 |     738 | 100.0 |       0 |      15 | 100.0
            +---------+---------+-------+---------+---------+-------
